 Dungeon Crawl Stone Soup version 0.23.2-30-g0e89c35649 (webtiles) character file.

Game seed: 10210379945398432695

63 HiStorm4nn the Scratcher (level 3, -1/16 HPs)
             Began as a Felid Transmuter on June 11, 2019.
             Slain by a shadow imp (5 damage)
             ... on level 3 of the Dungeon.
             The game lasted 00:49:28 (2492 turns).

HiStorm4nn the Scratcher (Felid Transmuter)         Turns: 2492, Time: 00:49:29

Health: -1/16      AC:  1    Str:  6    XL:     3   Next: 87%
Magic:  7/7        EV: 18    Int: 14    God:
Gold:   33         SH:  0    Dex: 17    Spells: 5/6 levels left
                                        Lives:  0   Deaths: 0

rFire    . . .     SeeInvis +     - Unarmed
rCold    . . .     Gourm    .   (shield unavailable)
rNeg     . . .     Faith    .   (armour unavailable)
rPois    .         Spirit   .   (helmet unavailable)
rElec    .         Reflect  .   (cloak unavailable)
rCorr    .         Harm     .   (gloves unavailable)
MR       .....                  (boots unavailable)
Stlth    ++........             (no amulet)
HPRegen  0.05/turn              (no ring)
MPRegen  0.10/turn              (no ring)

@: quick
A: very small, no armour, no weapons or thrown items, stealth, claws 1, fangs 3,
see invisible, carnivore, speed 1, shaggy fur 1, slow metabolism 1, sharp paws
a: no special abilities


You were on level 3 of the Dungeon.
You were full.

You visited 1 branch of the dungeon, and saw 3 of its levels.

You collected 33 gold pieces.

Inventory:

Hand Weapons
 b - a +0 long sword
 f - a +0 club
 g - a +0 mace
 i - a +0 dagger
 j - a +0 dagger
 l - a +0 club
 n - a cursed -1 club
 q - a +0 club
 s - a +0 club
 u - a +0 dagger
Missiles
 a - 12 arrows
 o - 45 stones
 p - 2 poisoned needles
Armour
 d - a +0 leather armour
 m - a +0 chain mail
 r - a +0 robe
 t - a +0 scale mail
Scrolls
 e - 2 scrolls of identify {unknown}
 k - a scroll of fear {unknown}
Comestibles
 c - 2 rations


   Skills:
 * Level 2.4 Fighting
 - Level 2.9 Dodging
 + Level 1.6 Stealth
 * Level 3.7 Unarmed Combat
 - Level 2.1 Spellcasting
 - Level 2.2 Transmutations


You had 5 spell levels left.
You knew the following spells:

 Your Spells              Type           Power        Failure   Level  Hunger
a - Beastly Appendage     Tmut           #.....       10%         1    ##.....

Your spell library contained the following spells:

 Spells                   Type           Power        Failure   Level  Hunger
 Sticks to Snakes         Tmut           #.......     14%         2    ###....
 Spider Form              Tmut/Pois      #.........   41%         3    ####...
 Ice Form                 Ice/Tmut       #.......     82%         4    #####..
 Blade Hands              Tmut           #.........   95%         5    ######.


Dungeon Overview and Level Annotations

Branches:
Dungeon (3/15)

Altars:


Innate Abilities, Weirdness & Mutations

You cannot wear armour.
You are incapable of wielding weapons or throwing items.
Your paws allow you to move quietly. (Stealth)
You have sharp claws.
You have razor-sharp teeth.
You have supernaturally acute eyesight. (SInv)
You are carnivorous and can eat meat at any time.
You cover ground quickly.
You are covered in fur. (AC +1)
You have a slow metabolism.
Your sharp claws are effective at attacking unaware monsters.


Message History

The shadow imp is heavily wounded.
The shadow imp misses you.
You barely miss the shadow imp.
The shadow imp is heavily wounded.
The shadow imp closely misses you.
You scratch the shadow imp but do no damage.
The shadow imp is heavily wounded.
You scratch the shadow imp but do no damage.
The shadow imp is heavily wounded.
The shadow imp disappears for a moment.
The shadow imp completely misses you.
You barely miss the shadow imp.
The shadow imp is heavily wounded.
The shadow imp hits you.
* * * LOW HITPOINT WARNING * * *
A jackal comes into view.
You scratch the shadow imp but do no damage.
The shadow imp is heavily wounded.
The shadow imp hits you.
You die...

.....#.## #..#.#####
..##.#..# #..#.....#
...#..#.####.......#
....#...#..........#########
....###...###......#........
....#..<...##.#..........$..
......#...<.................
..<..#####....###...........
...#.# #....#.@5..........
..##.# #....#.####........
## #.. #......# #########
###. .......## ####...##
#... #.. ##


You could see a shadow imp.

Vanquished Creatures
  3 adders (D:2)
  2 dart slugs (D:2)
  A leopard gecko (D:1)
  4 bats
  3 giant cockroaches
  2 goblins
  3 hobgoblins
  2 jackals (D:2)
  A quokka (D:2)
  A frilled lizard (D:2)
  6 kobolds
  A rat (D:2)
29 creatures vanquished.

Notes
Turn   | Place    | Note
-------+----------+-------------------------------------------
     0 | D:1      | HiStorm4nn the Felid Transmuter began the quest for the
                  | Orb.
     0 | D:1      | Reached XP level 1. HP: 9/9 MP: 4/4
   435 | D:1      | Reached XP level 2. HP: 6/12 MP: 6/6
  1618 | D:2      | Reached XP level 3. HP: 16/16 MP: 7/7
  1674 | D:2      | Reached skill level 1 in Stealth
  2447 | D:3      | Noticed a sky beast
  2492 | D:3      | Slain by a shadow imp

Skill      XL: |  1  2  3 |
---------------+----------+-----
Stealth        | 1 |  1.6
Fighting       | 2 |  2.4
Dodging        | |  2.9
Unarmed Combat | |  3.7
Spellcasting   | |  2.1
Transmutations | |  2.2

Action                   || total
-------------------------++-------
Melee: Unarmed           ||   106
       Bite              ||    11
       Punch             ||     2
  Use: Potion            ||     4
 Stab: Sleeping          ||     4
  Eat: Ration            ||     1
       Chunk             ||     4
Armor: Skin              ||     5
Dodge: Dodged            ||    89
